 Dungeon Crawl Stone Soup version 0.20.1-1-g8b1a95d (webtiles) character file.

45 dmj the Skirmisher (level 3, -1/39 HPs)
             Began as an Ogre Fighter on July 30, 2017.
             Slain by an orc
             ... wielding a +0 hand axe
              (7 damage)
             ... on level 2 of the Dungeon.
             The game lasted 00:06:35 (1541 turns).

dmj the Skirmisher (Ogre Fighter)                   Turns: 1541, Time: 00:06:35

Health: -1/39      AC:  3    Str: 21    XL:     3   Next: 64%
Magic:  3/3        EV:  8    Int:  9    God:
Gold:   33         SH:  8    Dex:  8    Spells: 2/2 levels left

rFire    . . .     SeeInvis .   j - +2 dagger (vamp)
rCold    . . .     Gourm    .   c - +0 shield
rNeg     . . .     Faith    .   b - +0 robe
rPois    .         Spirit   .   (helmet restricted)
rElec    .         Reflect  .   (no cloak)
rCorr    .         Harm     .   (gloves unavailable)
MR       .....                  (boots unavailable)
Stlth    +.........             (no amulet)
Regen    0.2/turn               (no ring)
MPRegen  0.1/turn               (no ring)

@: no status effects
A: unfitting armour, tough skin 1
a: no special abilities


You were on level 2 of the Dungeon.
You were not hungry.

You visited 1 branch of the dungeon, and saw 2 of its levels.

You collected 33 gold pieces.

Inventory:

Hand Weapons
 a - a +0 flail
 f - a +3 dagger of venom
 j - a +2 vampiric dagger (weapon)
Armour
 b - a +0 robe (worn)
 c - a +0 shield (worn)
Scrolls
 e - a scroll of identify {unknown}
 m - a scroll of remove curse {unknown}
Potions
 d - a potion of might
 h - a potion of degeneration {unknown}
 i - a potion of lignification {unknown}
 k - a potion of magic {unknown}
 l - a potion of haste {unknown}
Comestibles
 g - a royal jelly
 n - a bread ration


   Skills:
 + Level 4.1 Fighting
 + Level 2.4 Maces & Flails
 + Level 3.2 Dodging
 + Level 3.1 Shields


You had 2 spell levels left.
You didn't know any spells.

Dungeon Overview and Level Annotations

Branches:
Dungeon (2/15)

Altars:
Qazlal
Yredelemnul

Annotations:
D:2 1 transporter


Innate Abilities, Weirdness & Mutations

You are too large for most types of armour.
You have tough skin. (AC +1)


Message History

There is a transporter here.
You enter the transporter and appear at another place.
An orc and a crimson imp come into view.
The orc shouts!
The crimson imp shouts!
Found five items.
Found a stormy altar of Qazlal.
The sky beast flickers out of sight!
Deactivating autopickup; reactivate with Ctrl-A.
Something hits you. Something shocks you.
You closely miss something. Something completely misses you.
You miss something. Something hits you but does no damage.
The crimson imp hits you but does no damage.
The orc hits you with a hand axe.
You barely miss something. Something hits you but does no damage.
You block the crimson imp's attack. The orc hits you with a hand axe.
You closely miss something. Something hits you.
* * * LOW HITPOINT WARNING * * *
Something shocks you.
* * * LOW HITPOINT WARNING * * *
You block the crimson imp's attack. The orc hits you with a hand axe!
You die...

#..######### .#
#.##8$._.$8 #.#
#.#..$)$?$..#!##
#.#(#.....#.#...
#.#..#...#..#...
#.#........©#.#
#.#!.#.o5#..#.#
#.#.#...@.#.#..
#.#....{....#..#
#.##8.....8##..#
#..#########...#
##....(©.....#.#
#####.#.###.......####
# ........###.......#
.................<# ..
....#####....).##


You could see a crimson imp and an orc.

Vanquished Creatures
  An adder (D:2)
  A dart slug (D:1)
  2 leopard geckos (D:1)
  3 bats (D:1)
  2 giant cockroaches (D:1)
  4 goblins
  4 hobgoblins
  4 frilled lizards
  4 kobolds
  7 rats
32 creatures vanquished.

Notes
Turn   | Place    | Note
-------+----------+-------------------------------------------
     0 | D:1      | dmj the Ogre Fighter began the quest for the Orb.
     0 | D:1      | Reached XP level 1. HP: 24/24 MP: 1/1
   171 | D:1      | Reached XP level 2. HP: 28/32 MP: 2/2
   955 | D:1      | Reached XP level 3. HP: 39/39 MP: 3/3
  1475 | D:2      | Found a basalt altar of Yredelemnul.
  1525 | D:2      | Found a transporter.
  1530 | D:2      | Noticed a sky beast
  1534 | D:2      | Found a transporter.
  1536 | D:2      | Found a stormy altar of Qazlal.
  1541 | D:2      | Slain by an orc

Skill      XL: |  1  2 |
---------------+-------+-----
Maces & Flails | 2 |  2.4
Shields        | 3 |  3.1
Dodging        | 3 |  3.2
Fighting       | |  4.1

Action                   || total
-------------------------++-------
Melee: Flail             ||   104
       Dagger            ||    24
  Eat: Bread ration      ||     2
Armor: Robe              ||    62
Dodge: Dodged            ||    68
Block: Shield            ||    94
